AoeStats
← [PSCH] R!ce

Arabia

507969037Analyzed
1v1 RM · 12d ago on Sep 20, 2026· 63m 8s· 2 players
Game mode
Random Map
Map size
Tiny (2 player)
Population
200
Speed
Normal
Resources
Standard
Victory
Conquest
Starting age
Dark Age
Ending age
Imperial Age
RankedLock teamsTeams togetherTeam positionsShared explorationLock speedFull tech treeHidden civsTurbo modeCheats
Victory
Defeat
🇨🇭 Cumans · Switzerland
1427
+14
🇩🇪 Spanish · Germany
1382
-14
Pinut
6:49 Loom
9:46 Feudal Age
10:24 Double-Bit Axe
10:21 Horse Collar
22:39 Castle Age
21:52 Padded Archer Armor
22:05 Bloodlines
23:46 Leather Archer Armor
23:43 Husbandry
24:10 Bow Saw
28:23 Fletching
42:15 Imperial Age
39:17 Light Cavalry
41:42 Scale Barding Armor
43:21 Fletching
46:29 Chemistry
48:52 Bodkin Arrow
50:11 Bracer
49:51 Pikeman
50:31 Squires
50:32 Cavalier
51:58 Forging
54:07 Scale Mail Armor
54:42 Iron Casting
53:44 Halberdier
58:20 Wheelbarrow
57:30 Town Watch
58:49 Two-Man Saw
62:21 Blast Furnace
61:36 Chain Mail Armor
[PSCH] R!ce
6:47 Loom
9:10 Feudal Age
10:24 Double-Bit Axe
22:14 Wheelbarrow
25:04 Castle Age
25:32 Bloodlines
26:09 Scale Barding Armor
26:14 Forging
27:12 Chain Barding Armor
31:08 Elite Skirmisher
32:46 Fletching
32:56 Padded Archer Armor
34:38 Bodkin Arrow
35:53 Leather Archer Armor
40:31 Imperial Age
40:38 Cavalier
41:51 Ring Archer Armor
42:30 Plate Barding Armor
44:37 Iron Casting
45:05 Bow Saw
46:36 Blast Furnace
47:00 Ballistics
48:33 Capped Ram
49:53 Siege Ram
52:42 Paladin
53:31 Paladin
56:27 Paladin
57:13 Light Cavalry
61:18 Two-Man Saw
61:13 Hussar
Connection lost

Rejoining the realm…

Still unreachable

The connection could not be restored.

Session expired

The server has moved on; the page needs a fresh start.